 Dungeon Crawl Stone Soup version 0.23-a0-389-g4a5eb33 (webtiles) character file.

7692 Gergoth the Basher (level 11, -11/72 HPs)
             Began as a Gargoyle Fighter on Oct 29, 2018.
             Was a High Priest of Okawaru.
             Mangled by a komodo dragon (23 damage)
             ... on level 1 of the Lair of Beasts.
             The game lasted 00:20:45 (11127 turns).

Gergoth the Basher (Gargoyle Fighter)              Turns: 11127, Time: 00:20:45

Health: -11/72     AC: 22    Str: 24    XL:     11   Next: 19%
Magic:  22/24      EV: 14    Int: 11    God:    Okawaru [*****.]
Gold:   1045       SH: 11    Dex:  9    Spells: 29/29 levels left

rFire    + . .     SeeInvis +   x - +2 flail (crush)
rCold    . . .     Gourm    .   c - +0 shield
rNeg     + . .     Faith    +   L - +0 ring mail {rF+}
rPois    ∞         Spirit   .   X - +1 hat {SInv}
rElec    +         Reflect  .   y - +2 cloak {rPois}
rCorr    .         Harm     .   T - +1 pair of gloves {Str+3}
MR       .....                  a - +0 pair of boots
Stlth    ++........             k - amulet of faith
HPRegen  0.22/turn              A - +3 ring of evasion
MPRegen  0.19/turn              v - ring of flight

@: heroism
A: negative energy resistance 1, electricity resistance, unbreathing,
petrification resistance, rot immunity, AC +8
a: Heroism, Finesse, Renounce Religion, Evoke Flight


You were on level 1 of the Lair of Beasts.
You worshipped Okawaru.
Okawaru was extremely pleased with you.
You were hungry.

You visited 3 branches of the dungeon, and saw 12 of its levels.
You also visited: Bailey.

You collected 1045 gold pieces.

Inventory:

Hand Weapons
 e - a +3 eveningstar of freezing
 x - a +2 flail of crushing (weapon)
 I - a +3 flail of draining
Missiles
 u - 5 javelins (quivered)
 z - 2 throwing nets
Armour
 a - a +0 pair of boots (worn)
 c - a +0 shield (worn)
 t - a +2 robe of cold resistance
 y - a +2 cloak of poison resistance (worn)
 C - the +15 Maxwell's patent armour {-Cast -Tele rElec MR+ rCorr}
   (You found it in a bailey)

   It insulates you from electricity.
   It affects your resistance to hostile enchantments.
   It prevents spellcasting.
   It prevents most forms of teleportation.
   It provides partial protection from all sources of acid and corrosion.
 L - a +0 ring mail of fire resistance (worn)
 T - a +1 pair of gloves of strength (worn)
 X - a +1 hat of see invisible (worn)
Jewellery
 b - a cursed ring of teleportation {unknown}
 k - an amulet of faith (around neck)
 m - an uncursed ring of see invisible
 v - a ring of flight (right hand)
 A - a +3 ring of evasion (left hand)
 D - an uncursed amulet of magic regeneration {unknown}
Wands
 s - a wand of flame (11)
 B - a wand of disintegration (8)
 G - a wand of clouds (9)
 P - a wand of paralysis (12)
 V - a wand of scattershot (5)
Scrolls
 i - 4 scrolls of remove curse
 j - a scroll of immolation
 l - a scroll of vulnerability {unknown}
 q - 5 scrolls of identify
 E - 4 scrolls of teleportation
 M - a scroll of torment {unknown}
 O - a scroll of blinking {unknown}
 R - 2 scrolls of amnesia
 S - a scroll of summoning {unknown}
Potions
 d - 2 potions of might
 g - 5 potions of heal wounds
 h - 4 potions of curing
 o - a potion of flight {unknown}
 p - 2 potions of haste {unknown}
 r - a potion of cancellation {unknown}
 F - a potion of lignification {unknown}
 H - 2 potions of mutation {unknown}
 J - a potion of degeneration {unknown}
 K - 2 potions of ambrosia {unknown}
 N - a potion of invisibility {unknown}
 Q - a potion of brilliance {unknown}
 W - a potion of berserk rage {unknown}
Comestibles
 f - 16 rations


   Skills:
 - Level 10.0(15.0) Fighting
 + Level 10.5(15.5) Maces & Flails
 - Level 3.2(8.2) Armour
 - Level 3.2(8.2) Shields
 + Level 9.5 Spellcasting


You had 29 spell levels left.
You didn't know any spells.
Your spell library contained the following spells:

 Spells                   Type           Power        Failure   Level  Hunger
 Freeze                   Ice            #...         43%         1    None
 Throw Frost              Conj/Ice       #.....       56%         2    None
 Ozocubu's Armour         Chrm/Ice       #.......     80%         3    ##.....
 Summon Ice Beast         Ice/Summ       #.......     99%         4    ####...
 Throw Icicle             Conj/Ice       #.......     99%         4    ####...


Dungeon Overview and Level Annotations

Branches:
Dungeon (10/15)            Temple (1/1) D:5            Lair (1/6) D:8
    Orc: D:9-12

Altars:
Ashenzari
Cheibriados
Dithmenos
Elyvilon
Fedhas
Hepliaklqana
Kikubaaqudgha
Makhleb
Nemelex Xobeh
Okawaru
Ru
Trog
Uskayaw
Vehumet
Xom
Yredelemnul
Zin
The Shining One


Innate Abilities, Weirdness & Mutations

You are resistant to torment.
Your stone body is resilient. (AC +8)
You are immune to poison.
You resist negative energy. (rN+)
You are resistant to electric shocks. (rElec)
You can survive without breathing.
You are immune to petrification.
You are immune to rotting.


Message History

The komodo dragon is heavily wounded.
The komodo dragon bites you but does no damage.
You hit the komodo dragon but do no damage.
The komodo dragon is heavily wounded.
The komodo dragon bites you!
You hit the komodo dragon but do no damage.
The komodo dragon is heavily wounded.
The komodo dragon bites you!
You are too injured to fight recklessly!
You are too injured to fight recklessly!
Your shield prevents you from hitting the komodo dragon.
The komodo dragon is heavily wounded.
The komodo dragon bites you.
You hit the komodo dragon.
The komodo dragon is severely wounded.
The komodo dragon bites you!!
* * * LOW HITPOINT WARNING * * *
You gain the combat prowess of a mighty hero.
The komodo dragon bites you!!
You die...

##########################
..........................
.............###########.#
#....[.......# ###
.............## ### ##
..............####.######.
..........................
####....l@.<..............
#########....................
.............................
..$..........................
........................#####
.............##.######..#
.............#### #...
.................
..................


You could see a komodo dragon.

Vanquished Creatures
  An orc knight (Bailey)
  A gargoyle (D:10)
  A hornet (D:9)
  A hippogriff (D:10)
  Sigmund (D:4)
  A wraith (D:10)
  A spriggan (D:7)
  A vampire (D:9)
  A wyvern (D:8)
  A hungry ghost (D:8)
  4 water moccasins
  A porcupine (D:8)
  A black bear (D:8)
  A necrophage (D:9)
  5 ice beasts
  A phantom (D:6)
  5 orc warriors
  4 ogres
  6 centaurs
  A crocodile (D:8)
  3 big kobolds (D:9)
  6 bullfrogs
  A gnoll sergeant (D:9)
  5 scorpions
  7 wights (D:8)
  2 howler monkeys
  4 crimson imps
  2 centaur zombies (D:8)
  A bullfrog zombie (D:6)
  4 hounds
  A quasit (D:6)
  15 orc priests
  2 bullfrog skeletons (D:9)
  A centaur skeleton (D:6)
  3 jellies
  An iguana (D:9)
  Ijyb (D:5)
  Jessica (D:2)
  8 orc wizards
  Natasha (thrice) (D:3 D:2)
  5 worker ants
  A hound zombie (D:10)
  A howler monkey zombie (D:9)
  A worker ant zombie (D:5)
  Robin (D:2)
  4 gnolls (D:9)
  5 adders
  3 shadow imps
  2 oozes (D:3)
  5 worms
  A dart slug (D:1)
  2 leopard geckos
  55 orcs
  5 giant cockroaches
  14 goblins
  7 hobgoblins
  3 jackals (D:2)
  10 quokkas
  9 bats
  4 frilled lizards
  14 kobolds
  A quokka skeleton (D:7)
  6 rats
269 creatures vanquished.

Vanquished Creatures (others)
  2 fungi (D:8)
2 creatures vanquished.

Grand Total: 271 creatures vanquished

Notes
Turn   | Place    | Note
-------+----------+-------------------------------------------
     0 | D:1      | Gergoth the Gargoyle Fighter began the quest for the Orb.
     0 | D:1      | Reached XP level 1. HP: 14/14 MP: 1/1
   260 | D:1      | Reached XP level 2. HP: 19/19 MP: 2/2
   381 | D:1      | Reached skill level 1 in Spellcasting
   574 | D:2      | Noticed Robin
   646 | D:1      | Reached XP level 3. HP: 21/24 MP: 4/4
   696 | D:2      | Killed Robin
   805 | D:2      | Found a sacrificial altar of Ru.
   914 | D:2      | Reached XP level 4. HP: 27/29 MP: 6/6
  1041 | D:2      | Reached XP level 5. HP: 29/34 MP: 8/8
  1238 | D:2      | Noticed Jessica
  1245 | D:2      | Killed Jessica
  1442 | D:3      | Noticed Natasha
  1465 | D:3      | Killed Natasha
  1496 | D:3      | Noticed Natasha
  1537 | D:3      | Killed Natasha
  1651 | D:3      | Noticed Natasha
  1991 | D:2      | Reached skill level 5 in Fighting
  1991 | D:2      | Reached XP level 6. HP: 25/40 MP: 10/10
  2127 | D:2      | Killed Natasha
  2957 | D:3      | Reached XP level 7. HP: 25/44 MP: 12/12
  3155 | D:4      | Noticed Sigmund
  3533 | D:4      | Killed Sigmund
  3533 | D:4      | Reached skill level 5 in Maces & Flails
  3770 | D:5      | Entered Level 5 of the Dungeon
  4108 | D:5      | Noticed Ijyb
  4118 | D:5      | Killed Ijyb
  4436 | D:5      | Reached XP level 8. HP: 37/52 MP: 14/14
  4446 | D:5      | Found a staircase to the Ecumenical Temple.
  4452 | Temple   | Entered the Ecumenical Temple
  4489 | Temple   | Became a worshipper of Warmaster Okawaru
  5496 | D:6      | Reached skill level 5 in Spellcasting
  5637 | D:6      | Reached * piety under Okawaru
  6244 | D:7      | Identified a scroll of acquirement
  6382 | D:7      | Reached XP level 9. HP: 54/58 MP: 17/17
  6462 | D:7      | Reached ** piety under Okawaru
  6489 | D:7      | Found a flagged portal.
  6500 | Bailey   | Entered a bailey
  6935 | Bailey   | Noticed an orc knight
  7299 | Bailey   | Found the +15 Maxwell's patent armour {-Cast -Tele rElec
                  | MR+ rCorr}
  7325 | Bailey   | Killed an orc knight
  7646 | D:7      | Reached *** piety under Okawaru
  7760 | D:8      | Reached XP level 10. HP: 54/66 MP: 20/20
  7864 | D:8      | Reached **** piety under Okawaru
  8226 | D:8      | Found a staircase to the Lair.
  8425 | D:8      | Reached skill level 10 in Fighting
  9096 | D:9      | Reached ***** piety under Okawaru
  9646 | D:10     | Entered Level 10 of the Dungeon
 10045 | D:10     | Found a blossoming altar of Fedhas.
 10045 | D:10     | Noticed a gargoyle
 10051 | D:10     | Killed a gargoyle
 10051 | D:10     | Reached skill level 10 in Maces & Flails
 10051 | D:10     | Reached XP level 11. HP: 72/72 MP: 22/24
 10120 | D:10     | Received a gift from Okawaru
 11053 | Lair:1   | Entered Level 1 of the Lair of Beasts
 11127 | Lair:1   | Mangled by a komodo dragon

Vault maps used:
D:1:      psy_arrival_wood_between_worlds
D:2:      nicolae_ru_path_of_blood, first_ration, uniq_jessica, uniq_robin
D:3:      uniq_natasha
D:4:      uniq_sigmund
D:5:      temple_green, serial_rivers, chequers_serial_rivers_large_b,
          chequers_serial_rivers_micro_d, chequers_serial_rivers_small_3,
          chequers_serial_rivers_micro_c, nrook_campfire, uniq_ijyb
D:6:      serial_bayou_lagoon_a
D:7:      enter_bailey_2, the_bakery
D:8:      grunt_lair_entry_orc_guard_hut
D:9:      hex_large
D:10:     minmay_goldmine, fedhas_altar_1
Temple:   grunt_wide_crystal_templ
Lair:1:   serial_bayou_shore_a
Bailey:   bailey_polearm_1, bailey

Skill      XL: |  1  2  3  4  5  6  7  8  9 10 |
---------------+-------------------------------+-----
Spellcasting   | 1 2 3 4 5 7 9 |  9.5
Fighting       | 4 5 6 7 9 10 | 10.0
Maces & Flails | 3 4 5 6 8 10 | 10.5
Armour         | |  3.2
Shields        | |  3.2

Action                   |  1- 3 |  4- 6 |  7- 9 | 10-12 || total
-------------------------+-------+-------+-------+-------++-------
Melee: Flail             |   118 |   220 |   464 |   408 ||  1210
Invok: Heroism           |       |       |     1 |     1 ||     2
 Abil: Evoke Flight      |       |       |     4 |       ||     4
Evoke: Wand              |       |       |     1 |       ||     1
  Use: Scroll            |       |     5 |     8 |     6 ||    19
  Eat: Chunk             |       |     7 |    10 |    14 ||    31
       Ration            |       |       |     2 |       ||     2
Armor: Scale mail        |    68 |   134 |   237 |    14 ||   453
       Robe              |       |       |     5 |       ||     5
       Ring mail         |       |       |       |   165 ||   165
Dodge: Dodged            |    34 |    90 |   183 |   141 ||   448
Block: Shield            |    67 |   127 |   258 |   169 ||   621

Table legend:
 A = Non-vault XP
 B = Vault XP
 C = Vault XP percentage of total XP
 D = Non-vault monster count
 E = Vault monster count
 F = Vault count percentage of total count
                 A         B        C        D         E       F
            +---------+---------+-------+---------+---------+-------
      Total |    8622 |    2367 |  21.5 |     219 |      50 |  18.6
            +---------+---------+-------+---------+---------+-------
        D:1 |      24 |      18 |  42.9 |      15 |      10 |  40.0
        D:2 |     292 |      54 |  15.6 |      31 |       3 |   8.8
        D:3 |     320 |      35 |   9.9 |      26 |       1 |   3.7
        D:4 |      67 |     227 |  77.2 |      10 |       1 |   9.1
        D:5 |     217 |      38 |  14.9 |       4 |       1 |  20.0
        D:6 |     641 |       0 |   0.0 |      15 |       0 |   0.0
        D:7 |     872 |     215 |  19.8 |      16 |       1 |   5.9
        D:8 |    1751 |     506 |  22.4 |      30 |       4 |  11.8
        D:9 |    2072 |       0 |   0.0 |      45 |       0 |   0.0
       D:10 |    2366 |     223 |   8.6 |      27 |      11 |  28.9
     Bailey |       0 |    1051 | 100.0 |       0 |      18 | 100.0
            +---------+---------+-------+---------+---------+-------
